cohdb
Replays
Latest Replays
All Replays
Popular Replays
Top Player Replays
Match Explorer
How It Works
Community
CoH3 Stats
Reddit
Sign in to upload your games and track your stats! →
Sign in with Steam
Match 43915130
Unlisted
Match 43915130
Overview
Messages
Build Orders
End
Panzergrenadier Squad
Kradschützen Motorcycle Team
Panzergrenadier Squad
Construct Light Support Kompanie
Assault Grenadier Squad
Fire Support Elements
Assault Mechanized Group
Flakvierling Half-track
Selects Armored Support Battlegroup
Selects Superior Fire Drills
2.5-tonne Medical Truck
Pak 38 Anti-tank Gun Team
MG34 Team
Selects Salvage Kits
Tungsten Core Ammunition
Construct Panzerarmee Kommand
Izzy
BUGII
(◣✠◢) John1986 ✠
Dahlian
Bish Bash Bosh
Humbarwhy
0
0
Comments
sign in to comment!
No comments posted yet!